 Dungeon Crawl Stone Soup version 0.30.0-19-g36f170ea60 (webtiles) character file.

Game seed: 11826634324081717950

221 Graphine the Trooper (level 5, 0/48 HPs)
             Began as a Hill Orc Fighter on June 1, 2023.
             Slain by a hobgoblin
             ... wielding a +0 club
              (7 damage)
             ... on level 3 of the Dungeon.
             The game lasted 00:03:29 (1340 turns).

Graphine the Trooper (Hill Orc Fighter)             Turns: 1340, Time: 00:03:29

Health: 0/48       AC:  7    Str: 21    XL:     5   Next: 98%
Magic:  5/5        EV:  9    Int:  8    God:
Gold:   99         SH:  4    Dex: 10    Spells: 4/4 levels left

rFire   . . .        a - +2 war axe
rCold   . . .        c - +0 buckler
rNeg    . . .        b - +0 scale mail
rPois   .            (no helmet)
rElec   .            (no cloak)
rCorr   .            (no gloves)
SInv    .            (no boots)
Will    .....        (no amulet) Stlth
                     (no ring)
HPRegen 0.28/turn    (no ring)
MPRegen 0.09/turn

%: no passive effects
@: mighty
A: no striking features
a: no special abilities


You were on level 3 of the Dungeon.
You visited 1 branch of the dungeon, and saw 3 of its levels.

You collected 99 gold pieces.

Inventory:

Hand Weapons
 a - a +2 war axe (weapon)
Missiles
 l - 4 curare-tipped darts (quivered)
Armour
 b - a +0 scale mail (worn)
 c - a +0 buckler (worn)
Scrolls
 g - 3 scrolls of identify
 h - a scroll of fog
Potions
 d - a potion of might


   Skills:
 * Level 5.0 Fighting
 * Level 4.6 Axes
 * Level 4.5 Armour
 * Level 4.5 Shields


You had 4 spell levels left.
You didn't know any spells.
Your spell library was empty.

Dungeon Overview and Level Annotations

Branches:
Dungeon (3/15)

Altars:


Message History

The goblin hits you with a +0 club.
* * * LOW HITPOINT WARNING * * *
You slice the goblin!!
You kill the goblin!
You are too injured to fight recklessly!
You now have 99 gold pieces (gained 8).
Things that are here:
a +0 club; a goblin corpse
There is an open door here.
You start resting.
You hear the slow rusting of a very distant drain.
As you open the door, it creaks loudly! 4 hobgoblins and 2 goblins come into view.
The goblin shouts!
The hobgoblin shouts! x2; The goblin shouts!
You hit the hobgoblin.
You kill the hobgoblin!
You closely miss the hobgoblin. You block the hobgoblin's attack.
The hobgoblin hits you with a +0 club.
* * * LOW HITPOINT WARNING * * *
You barely miss the hobgoblin. You closely miss the hobgoblin.
The hobgoblin hits you but does no damage.
The hobgoblin hits you with a +0 club.
* * * LOW HITPOINT WARNING * * *
You feel better.
The hobgoblin hits you but does no damage. x2
You barely miss the hobgoblin. You slash the hobgoblin!
You kill the hobgoblin!
The hobgoblin barely misses you.
You slash the hobgoblin!
You kill the hobgoblin!
Your Fighting skill increases to level 5!
You closely miss the goblin.
The goblin hits you but does no damage. x2
You slash the goblin!
You kill the goblin!
You barely miss the hobgoblin. You barely miss the goblin.
You hit the hobgoblin. The hobgoblin hits you with a +0 club.
* * * LOW HITPOINT WARNING * * *
The goblin hits you but does no damage. The hobgoblin hits you with a +0 club!
You die...

#####
#...###############
#...#..............
#...#..............
#'##..............
#......########...
#..)...# #...
#@g..))########...
#g##..))..........
...#..))).........
#...#..............
#...###############
#####


You could see a hobgoblin and a goblin.

Vanquished Creatures
  Pargi (D:3)
  2 gnolls (D:3)
  3 adders (D:2)
  3 dart slugs
  5 ball pythons
  4 bats
  6 endoplasms
  19 goblins
  16 hobgoblins
  A quokka (D:1)
  A frilled lizard (D:3)
  4 kobolds
  3 rats
68 creatures vanquished.

Notes
Turn   | Place    | Note
-------+----------+-------------------------------------------
     0 | D:1      | Graphine the Hill Orc Fighter began the quest for the Orb.
     0 | D:1      | Reached XP level 1. HP: 19/19 MP: 1/1
   170 | D:1      | Reached XP level 2. HP: 21/27 MP: 2/2
   426 | D:1      | Reached skill level 4 in Fighting
   622 | D:2      | Reached XP level 3. HP: 27/33 MP: 3/3
   964 | D:2      | Reached XP level 4. HP: 37/40 MP: 4/4
  1294 | D:3      | Noticed Pargi
  1308 | D:3      | Reached XP level 5. HP: 14/47 MP: 5/5
  1309 | D:3      | Killed Pargi
  1337 | D:3      | Reached skill level 5 in Fighting
  1340 | D:3      | Slain by a hobgoblin

Illustrated notes

Levels and vault maps discovered:
D:1:      nicolae_arrival_washed_ashore, layout_rooms, st_stairs_7
D:2:      layout_rooms, hangedman_decor_peaks_small
D:3:      minmay_goblin_kobold_castle, layout_basic, portal_sewer_entry_f,
          minmay_hedge_maze, minmay_divided_ellipse, uniq_pargi

Skill      XL: |  1  2  3  4  5 |
---------------+----------------+-----
Axes           | 3 4 |  4.6
Fighting       | 4 5 |  5.0
Armour         | 4 |  4.5
Shields        | 4 |  4.5

Action                     |  1- 3 |  4- 6 || total
---------------------------+-------+-------++-------
  Melee: War axe           |    79 |    75 ||   154
    Use: Scroll            |       |     8 ||     8
         Potion            |       |     2 ||     2
 Armour: Scale mail        |    40 |    54 ||    94
  Dodge: Dodged            |    38 |    43 ||    81
  Block: Buckler           |    13 |    34 ||    47
